 Dungeon Crawl Stone Soup version 0.29.1-12-g30fa7ad0bf (webtiles) character file.

Game seed: 4993622193590852195

7 hawla the Chiller (level 2, -2/20 HPs)
             Began as a Meteoran Ice Elementalist on Dec 15, 2022.
             Slain by a worm (9 damage)
             ... on level 3 of the Dungeon.
             The game lasted 00:01:38 (224 turns).

hawla the Chiller (Meteoran Ice Elementalist)        Turns: 224, Time: 00:01:39

Health: -2/20      AC:  2    Str:  9    XL:     2   Next: 23%
Magic:  2/6        EV: 12    Int: 16    God:
Gold:   27         SH:  0    Dex: 14    Spells: 5/6 levels left

rFire   . . .      SeeInvis .   (no weapon)
rCold   . . .      Faith    .   (no shield)
rNeg    . . .      Spirit   .   a - +0 robe
rPois   .          Reflect  .   g - +0 hat
rElec   .          Harm     .   (no cloak)
rCorr   .          Rampage  .   (no gloves)
Will    .....                   (no boots)
Stlth   +.........              (no amulet)
HPRegen 0.06/turn               (no ring)
MPRegen 0.10/turn               (no ring)

@: glowing
A: sense surroundings 1, otherworldly, glowing, explore regen
a: no special abilities


You were on level 3 of the Dungeon.
You visited 1 branch of the dungeon, and saw 3 of its levels.

You collected 27 gold pieces.

Inventory:

Armour
 a - a +0 robe (worn)
 g - a +0 hat (worn)
Scrolls
 e - a scroll of vulnerability {unknown}
 f - a scroll of noise {unknown}
Potions
 b - a potion of magic
 c - a potion of brilliance {unknown}
 d - a potion of curing {unknown}


   Skills:
 + Level 2.4 Dodging
 - Level 1.4 Stealth
 + Level 2.9 Spellcasting
 + Level 4.7 Ice Magic


You had 5 spell levels left.
You knew the following spells:

 Your Spells              Type           Power      Damage    Failure   Level
a - Freeze                Ice            68%        1d8       2%          1

Your spell library contained the following spells:

 Spells                   Type           Power      Damage    Failure   Level
 Frozen Ramparts          Ice            34%        1d6       9%          3
 Ozocubu's Armour         Ice            17%        N/A       9%          3
 Hailstorm                Conj/Ice       9%         3d4       56%         4


Dungeon Overview and Level Annotations

Branches:
Dungeon (3/15) Zot: 1574

Altars:


Innate Abilities, Weirdness & Mutations

You passively map a small area around you.
You are easily found by Zot.
You glow in the dark.
You regain HP and MP as you explore.


Message History

Aiming: Freeze (safe; 2% risk of failure)
Press: ? - help, Shift-Dir - straight line, f/p - hobgoblin
Aim: a hobgoblin (almost dead)
You freeze the hobgoblin.
You kill the hobgoblin!
Casting: Freeze (safe; 2% risk of failure)
Confirm with . or Enter, or press ? or * to list all spells.
Aiming: Freeze (safe; 2% risk of failure)
Press: ? - help, Shift-Dir - straight line, f - kobold
Aim: a kobold, wielding a +0 club You freeze the kobold.
The kobold is moderately wounded.
The kobold hits you with a +0 club.
Casting: Freeze (safe; 2% risk of failure)
Confirm with . or Enter, or press ? or * to list all spells.
Aiming: Freeze (safe; 2% risk of failure)
Press: ? - help, Shift-Dir - straight line, f/p - kobold
Aim: a kobold, wielding a +0 club (moderately wounded)
You freeze the kobold.
You kill the kobold!
You see here a +0 club.
Your magical contamination has completely faded away.
You open the door.
There is an open door here.
A worm comes into view.
Found 4 stones.
Casting: Freeze (safe; 2% risk of failure)
Confirm with . or Enter, or press ? or * to list all spells.
Okay, then.
A rat comes into view.
The worm bites you!
Casting: Freeze (safe; 2% risk of failure)
Confirm with . or Enter, or press ? or * to list all spells.
Aiming: Freeze (safe; 2% risk of failure)
Press: ? - help, Shift-Dir - straight line, f - worm
Aim: a worm You freeze the worm.
The worm is moderately wounded.
The worm bites you!
You die...

######### #.......#
#'##.#..# #..####.#
############ ##.#.#..#
...........# #.@r.##)#
#####...##.# ##w..(#.#
##.......#.# ..#$!#.#
...##....#.# #######.#
..####.#.#.# ##..# ..#
#.#...# #..##
..####.#.#.########.##
........###.........#
#.####.#.#.########.#


You could see a worm and a rat.

Vanquished Creatures
  A ball python (D:1)
  An endoplasm (D:3)
  2 hobgoblins
  A kobold (D:3)
  2 rats
7 creatures vanquished.

Notes
Turn   | Place    | Note
-------+----------+-------------------------------------------
     0 | D:1      | hawla the Meteoran Ice Elementalist began the quest for the
                  | Orb.
     0 | D:1      | Reached XP level 1. HP: 14/14 MP: 5/5
   121 | D:3      | Reached XP level 2. HP: 14/20 MP: 3/6
   224 | D:3      | Slain by a worm

Illustrated notes

Levels and vault maps discovered:
D:1:      saegor_arrival_simple_e, layout_loops_ring,
          hellmonk_ecumenical_altar_slurped_away, dreamdust_wishing_well
D:2:      layout_loops_corners, basic_altar, minmay_lizard_pond
D:3:      minmay_wonky_spiral, layout_loops_ring, minmay_starry_boxes

Action                   || total
-------------------------++-------
Melee: Unarmed           ||     4
 Cast: Freeze            ||    13
Dodge: Dodged            ||     6
